 Dungeon Crawl Stone Soup version 0.26-a0-712-ga5a9c9c9d0 (webtiles) character file.

Game seed: 15608962118075453498

8403 kae the Transmogrifier (level 11, -5/108 HPs)
             Began as a Naga Transmuter on Nov 4, 2020.
             Was a Believer of Cheibriados.
             Killed from afar by a green death (9 damage)
             ... with a poison arrow
             ... on level 1 of the Abyss.
             The game lasted 00:11:24 (15598 turns).

kae the Transmogrifier (Naga Transmuter)           Turns: 15598, Time: 00:11:25

Health: -5/108     AC:  6    Str: 19    XL:     11   Next: 30%
Magic:  13/15      EV: 10    Int: 18    God:    Cheibriados [**....]
Gold:   586        SH:  0    Dex: 16    Spells: 3/16 levels left

rFire    . . .     SeeInvis +     - Unarmed
rCold    + . .     Faith    .   (shield currently unavailable)
rNeg     . . .     Spirit   .   a - +1 robe
rPois    +         Reflect  .   (no helmet)
rElec    .         Harm     .   h - +0 cloak
rCorr    +         Rampage  .   (gloves currently unavailable)
MR       +....                  (no barding)
Stlth    +.........             o - amulet of magic regeneration
HPRegen  0.28/turn              i - ring of protection from cold
MPRegen  0.39/turn              q - ring of resist corrosion

@: lethally poisoned (-5 -> -7), about to teleport, blade hands, very slow
A: large, see invisible, deformed body, poison resistance, slowness 2, spit
poison 1, AC +3
a: Spit Poison, End Transformation, Bend Time, Renounce Religion


You were on level 1 of the Abyss.
You worshipped Cheibriados.
Cheibriados was pleased with you.
You had blades for hands.
You visited 2 branches of the dungeon, and saw 11 of its levels.
You visited the Abyss 1 time.
You also visited: Sewer.

You collected 727 gold pieces.
You spent 141 gold pieces at shops.

Inventory:

Armour
 a - a +1 robe (worn)
 h - a +0 cloak (worn)
Jewellery
 i - a ring of protection from cold (left scythe-like blade)
 o - an amulet of magic regeneration (around neck)
 q - a ring of resist corrosion (right scythe-like blade)
 u - an uncursed ring of protection from cold
Wands
 n - a wand of disintegration (13)
 t - a wand of random effects (29)
 x - a wand of acid (7)
 A - a wand of flame (12)
Scrolls
 k - 8 scrolls of identify
 l - a scroll of teleportation
 m - a scroll of remove curse
 p - 3 scrolls of enchant weapon
 s - a scroll of fog
 y - a scroll of blinking
Potions
 b - 2 potions of lignification
 c - a potion of invisibility
 d - 4 potions of magic
 e - 2 potions of mutation
 f - 5 potions of degeneration
 g - 3 potions of haste
 j - 2 potions of heal wounds
 r - 3 potions of flight
 z - 2 potions of cancellation


   Skills:
 + Level 9.8 Fighting
 + Level 1.7 Dodging
 - Level 9.0 Unarmed Combat
 + Level 3.1 Spellcasting
 - Level 11.0 Transmutations
 + Level 0.5 Ice Magic
 - Level 3.0 Poison Magic


You had 3 spell levels left.
You knew the following spells:

 Your Spells              Type           Power        Failure   Level
a - Beastly Appendage     Tmut           #####.       9%          1
b - Spider Form           Tmut/Pois      ####......   24%         3
c - Blade Hands           Tmut           #####.....   32%         5
d - Ice Form              Ice/Tmut       ###.....     56%         4

Your spell library contained the following spells:

 Spells                   Type           Power        Failure   Level
 Wereblood                Tmut           #####...     10%         2
 Animate Skeleton         Necr           #.....       56%         1
 Apportation              Tloc           #.....       56%         1
 Corona                   Hex            #......      56%         1
 Summon Small Mammal      Summ           #...         56%         1


Dungeon Overview and Level Annotations

Branches:
Dungeon (10/15)            Temple (1/1) D:5            Lair (0/6) D:9
    Orc (0/2) D:9           Sewer (visited)

Altars:
Ashenzari
Cheibriados
Dithmenos
Elyvilon
Fedhas
Gozag
Hepliaklqana
Kikubaaqudgha
Makhleb
Nemelex Xobeh
Okawaru
Qazlal
Ru
Sif Muna
Trog
Uskayaw
Vehumet
Wu Jian
Xom
Yredelemnul
Zin
The Shining One

Shops:
D:7 :*   D:8 :?**

Annotations:
D:7 5 runed translucent doors
D:10 exclusion: orange crystal statue, Sonja


Innate Abilities, Weirdness & Mutations

You cannot wear boots.
Your serpentine skin is tough. (AC +3)
You have supernaturally acute eyesight. (SInv)
Armour fits poorly on your strangely shaped body.
Your system is resistant to poisons. (rPois)
You cover ground very slowly.
You can spit poison.


Message History

You hit the green death.
The green death is lightly wounded.
The green death closely misses you.
You slash the green death! Your slash misses the green death.
The green death is lightly wounded.
The green death hits you!!
* * * LOW HITPOINT WARNING * * *
You slash the green death!
The green death is moderately wounded.
The green death hits you!!
* * * LOW HITPOINT WARNING * * *
You slash the green death!
The green death is heavily wounded.
You slice the green death!!
The green death is almost dead.
The green death gestures at you. The poison arrow hits you!
You are poisoned.
You partially resist.
You die...

. . . ## . #.
. ##. . . .
#####.# # # ##
#.#..@# .. # #
# #..2....# ..
#
≈#.......#....
..#..####...
.... . ###.#
.#..# . ##
#..## #... .
#..#. # . #


You could see a green death.

Vanquished Creatures
  2 two-headed ogres (D:8)
  Pikel (D:5)
  Maggie (D:7)
  An ancient zyme (Abyss:1)
  Sigmund (D:5)
  2 wyverns (D:9)
  Eustachio (D:6)
  2 basilisks (D:9)
  4 yaks (D:9)
  Edmund (D:5)
  5 water moccasins (D:9)
  2 ice beasts (D:8)
  4 ogres
  2 orc warriors (D:7)
  3 sky beasts
  A necrophage (D:7)
  3 centaurs
  A lemure (D:5)
  A big kobold (D:10)
  5 bullfrogs
  A water moccasin zombie (D:9)
  3 scorpions
  A wyvern skeleton (D:3)
  14 killer bees
  8 wights
  2 howler monkeys (D:7)
  2 quasits
  A bullfrog skeleton (D:10)
  A bullfrog zombie (D:9)
  Crazy Yiuf (D:6)
  5 orc wizards
  2 centaur skeletons
  5 orc priests
  A jelly (D:7)
  3 iguanas
  4 worker ants
  2 human simulacra (D:9)
  A hound skeleton (D:7)
  Robin (D:3)
  4 gnolls
  A howler monkey skeleton (D:5)
  13 adders
  2 river rats (D:5)
  2 shadow imps
  A white imp (D:8)
  2 ufetubi (D:9)
  3 oozes (Sewer)
  An adder skeleton (D:5)
  7 worms
  3 dart slugs
  5 leopard geckos
  19 orcs
  6 ball pythons
  3 giant cockroaches
  14 goblins
  15 hobgoblins
  16 jackals
  7 quokkas
  12 bats
  7 frilled lizards
  A giant cockroach zombie (D:5)
  10 kobolds
  A quokka skeleton (D:7)
  8 rats
264 creatures vanquished.

Vanquished Creatures (others)
  A fungus (D:9)
  28 plants
29 creatures vanquished.

Grand Total: 293 creatures vanquished

Notes
Turn   | Place    | Note
-------+----------+-------------------------------------------
     0 | D:1      | kae the Naga Transmuter began the quest for the Orb.
     0 | D:1      | Reached XP level 1. HP: 18/18 MP: 3/3
   556 | D:1      | Reached XP level 2. HP: 22/25 MP: 3/5
   784 | D:1      | Reached skill level 3 in Transmutations
   788 | D:1      | Reached XP level 3. HP: 31/31 MP: 6/6
   795 | D:1      | Learned a level 3 spell: Spider Form
  1231 | D:2      | Reached skill level 1 in Poison Magic
  1665 | D:2      | Reached XP level 4. HP: 36/38 MP: 7/7
  2058 | D:2      | Found an iron altar of Okawaru.
  2058 | D:2      | Found a sparkling altar of Nemelex Xobeh.
  2460 | D:3      | Found a white marble altar of Elyvilon.
  2501 | D:3      | Reached XP level 5. HP: 36/44 MP: 6/8
  2585 | D:3      | Reached skill level 4 in Transmutations
  2810 | D:3      | Found a hide-covered altar of Uskayaw.
  2817 | D:3      | Noticed Robin
  2854 | D:3      | HP: 2/44 [Robin/+0 spear (3)]
  2857 | D:3      | Killed Robin
  3299 | D:3      | Found a basalt altar of Yredelemnul.
  3659 | D:3      | Reached XP level 6. HP: 44/51 MP: 5/10
  4347 | D:4      | Found a bloodstained altar of Trog.
  4357 | D:4      | Found a shadowy altar of Dithmenos.
  4357 | D:4      | Found a stormy altar of Qazlal.
  4569 | D:4      | Found a shadowy altar of Dithmenos.
  4798 | D:4      | Reached skill level 5 in Transmutations
  5552 | D:5      | Entered Level 5 of the Dungeon
  5572 | D:5      | Reached XP level 7. HP: 44/57 MP: 7/11
  5648 | D:5      | Noticed Sigmund
  5665 | D:5      | Killed Sigmund
  5729 | D:5      | Found a glowing drain.
  5739 | D:5      | Reached skill level 6 in Transmutations
  5750 | Sewer    | Entered a sewer
  6110 | Sewer    | Reached skill level 5 in Unarmed Combat
  6264 | Sewer    | Learned a level 4 spell: Ice Form
  6904 | D:5      | Noticed Edmund
  6915 | D:5      | Killed Edmund
  7142 | D:5      | Reached XP level 8. HP: 48/64 MP: 9/12
  7257 | D:5      | Reached skill level 7 in Transmutations
  7341 | D:5      | Found a staircase to the Ecumenical Temple.
  7457 | D:5      | Noticed Pikel
  7531 | Temple   | Entered the Ecumenical Temple
  8237 | D:5      | Killed Pikel
  8237 | D:5      | Reached skill level 8 in Transmutations
  8568 | D:6      | Noticed Eustachio
  8586 | D:6      | Killed Eustachio
  8586 | D:6      | Reached skill level 9 in Transmutations
  8586 | D:6      | Reached XP level 9. HP: 70/70 MP: 11/13
  8898 | D:6      | Found a shimmering altar of Xom.
  9064 | D:6      | Found a runed translucent door.
  9065 | D:6      | Noticed Crazy Yiuf
  9368 | D:6      | Killed Crazy Yiuf
  9693 | D:6      | Learned a level 5 spell: Blade Hands
  9885 | D:7      | Reached skill level 10 in Transmutations
  9933 | D:7      | HP: 1/69 [killer bee (6)]
  9934 | D:7      | Found a runed translucent gate.
  9934 | D:7      | Found a runed translucent gate.
  9934 | D:7      | Found a runed translucent gate.
  9939 | D:7      | HP: 1/103 [bullfrog (3)]
 10380 | D:7      | Found a runed translucent door.
 10390 | D:7      | Found a runed translucent door.
 10392 | D:7      | Found the +9 staff of Olgreb {rPois∞}
 10436 | D:7      | Found Egos's Assorted Antiques.
 10444 | D:7      | Bought a scroll labeled WIPNAM ZAKAGE for 31 gold pieces
 10444 | D:7      | Bought a scroll labeled JACHOH SOC NOWN for 31 gold pieces
 10444 | D:7      | Bought a scroll of identify for 62 gold pieces
 10522 | D:7      | Found Fybam's Book Shoppe.
 10822 | D:7      | HP: 3/82 [killer bee (7)]
 11531 | D:7      | Noticed Maggie
 11539 | D:7      | Killed Maggie
 11539 | D:7      | Reached skill level 11 in Transmutations
 11539 | D:7      | Reached XP level 10. HP: 46/78 MP: 9/14
 11932 | D:8      | Found a snail-covered altar of Cheibriados.
 12044 | D:8      | Found Disuclel's Assorted Antiques.
 12113 | D:8      | Found Copun's Assorted Antiques.
 12121 | D:8      | Bought a sedimented coppery potion for 17 gold pieces
 12247 | D:8      | Became a worshipper of Cheibriados the Contemplative
 12781 | D:8      | Noticed a two-headed ogre
 12788 | D:8      | HP: 4/102 [two-headed ogre/+0 dire flail (22)]
 12789 | D:8      | Killed a two-headed ogre
 12789 | D:8      | Reached skill level 5 in Fighting
 13150 | D:8      | Found Muadghov's Magic Scroll Shop.
 13182 | D:8      | Reached * piety under Cheibriados
 13219 | D:8      | Found Nizeeh's Book Shoppe.
 13221 | D:8      | Noticed a two-headed ogre
 13227 | D:8      | Killed a two-headed ogre
 13610 | D:9      | Found a staircase to the Lair.
 13693 | D:9      | Reached XP level 11. HP: 89/104 MP: 10/15
 14187 | D:9      | Found a staircase to the Orcish Mines.
 15063 | D:10     | Entered Level 10 of the Dungeon
 15078 | D:10     | Reached ** piety under Cheibriados
 15317 | D:10     | Noticed an orange crystal statue
 15318 | D:10     | Noticed a two-headed ogre
 15340 | D:10     | Noticed Sonja
 15350 | D:10     | Cast into level 1 of the Abyss (Sonja)
 15413 | Abyss:1  | Found a corrupted altar of Lugonu.
 15587 | Abyss:1  | Noticed a green death
 15596 | Abyss:1  | HP: 4/108 [green death (26)]
 15598 | Abyss:1  | Killed from afar by a green death

Illustrated notes

Levels and vault maps discovered:
D:1:      minmay_arrival_jagged, layout_basic, minmay_pentomino_z4
D:2:      layout_basic, gammafunk_temple_overflow_wave
D:3:      layout_loops_corners, kennysheep_ying_yang, chequers_big_river,
          glass_columns_a, lemuel_tele_altar, uniq_robin
D:4:      layout_loops_ring, chequers_temple_overflow_statue_of_worship,
          nicolae_dithmenos_shadow_blocks
D:5:      layout_cave_pools, minmay_temple_entry_proselytizer,
          portal_sewer_entry_b, hangedman_abyss_or_decor_stagger,
          chequers_jeans, uniq_sigmund, uniq_pikel, uniq_edmund
D:6:      layout_gridville, xom_redecorated, uniq_eustachio,
          uniq_crazy_yiuf_cottage
D:7:      layout_basic, serial_shops, nicolae_shop_overgrown_old_shop,
          kennysheep_little_box, minmay_guarded_unrand_staff_of_olgreb,
          uniq_maggie
D:8:      layout_basic, slow_altar_1, serial_shops, shop, shop, shop, shop
D:9:      layout_roguey, minmay_lair_entry_grove, david_orc_2, bh_circular_ruins
D:10:     layout_cave_pools, minivault_16, uniq_sonja
Temple:   oiseaux_autumnal_temple
Abyss:1:  base: Temple, gammafunk_corrupted_shrine

Skill      XL: |  1  2  3  4  5  6  7  8  9 10 11 |
---------------+----------------------------------+-----
Transmutations | 3 4 5 6 9 11 | 11.0
Poison Magic   | 1 2 3 |  3.0
Unarmed Combat | 4 5 6 8 9 |  9.0
Spellcasting   | 3 |  3.1
Fighting       | 8 9 |  9.8
Dodging        | |  1.7
Ice Magic      | |  0.5

Action                   |  1- 3 |  4- 6 |  7- 9 | 10-12 || total
-------------------------+-------+-------+-------+-------++-------
Melee: Unarmed           |    79 |   176 |   302 |   212 ||   769
       Headbutt          |     7 |     8 |       |       ||    15
       Punch             |       |     1 |       |     1 ||     2
 Cast: Beastly Appendage |    17 |    14 |       |       ||    31
       Spider Form       |     2 |    26 |    28 |       ||    56
       Ice Form          |       |       |     8 |    23 ||    31
       Blade Hands       |       |       |     6 |    10 ||    16
 Abil: Spit Poison       |    19 |    28 |    18 |     1 ||    66
  Use: Potion            |     4 |       |     6 |       ||    10
       Scroll            |       |    11 |     9 |     8 ||    28
 Stab: Sleeping          |       |     1 |       |       ||     1
Armor: Robe              |    15 |    24 |    15 |    21 ||    75
       Skin              |       |     6 |    53 |    38 ||    97
Dodge: Dodged            |    56 |   123 |   254 |   127 ||   560

Table legend: (Time is in decaauts)
 A = Elapsed time spent in this place.
 B = Non-inter-level travel time spent in this place.
 C = Inter-level travel time spent in this place.
 D = Time resting spent in this place.
 E = Time spent auto-exploring this place.
 F = Levels seen in this place.
 G = Mean time per level.
                   A        B        C        D        E       F      G
               +--------+--------+--------+--------+--------+-----+--------+
         Total |  18835 |  18395 |    440 |   1726 |  14584 |  13 | 1448.8 |
       Dungeon |  16670 |  16273 |    397 |   1596 |  12922 |  10 | 1667.0 |
        Temple |    383 |    340 |     43 |      0 |    340 |   1 |  383.0 |
         Abyss |    329 |    329 |      0 |     62 |    231 |   1 |  329.0 |
         Sewer |   1451 |   1451 |      0 |     68 |   1091 |   1 | 1451.0 |
               +--------+--------+--------+--------+--------+-----+--------+

Top non-repeatable levels by time:
     D:7: 2622 daAuts
     D:3: 2303 daAuts
     D:9: 1973 daAuts
     D:8: 1953 daAuts
     D:4: 1763 daAuts
     D:5: 1588 daAuts
     D:2: 1560 daAuts
   Sewer: 1451 daAuts
     D:6: 1296 daAuts
     D:1: 1257 daAuts
  Temple: 383 daAuts
    D:10: 352 daAuts
 Abyss:1: 329 daAuts
